 Dungeon Crawl Stone Soup version 0.20.1-1-g8b1a95d (webtiles) character file.

9130 Jannitor the Fighter (level 11, 0/90 HPs)
             Began as a Mummy Monk on Aug 28, 2017.
             Slain by a wolf (3 damage)
             ... on level 2 of the Lair of Beasts.
             The game lasted 00:55:59 (25192 turns).

Jannitor the Fighter (Mummy Monk)                  Turns: 25192, Time: 00:56:00

Health: 0/90       AC:  6    Str: 15    XL:     11   Next: 19%
Magic:  11/11      EV: 18    Int:  9    God:
Gold:   337        SH: 14    Dex: 22    Spells: 10/10 levels left

rFire    x . .     SeeInvis .     - Unarmed
rCold    + + .     Gourm    .   d - +3 shield
rNeg     + + +     Faith    .   (no armour)
rPois    ∞         Spirit   .   (no helmet)
rElec    .         Reflect  .   (no cloak)
rCorr    .         Harm     .   o - +2 pair of gloves
MR       +....                  m - +2 pair of boots
Stlth    ++........             (no amulet)
Regen    0.3/turn               e - +4 ring of dexterity
MPRegen  0.2/turn               l - ring of protection from cold

@: no status effects
A: no food or potions, fire vulnerability, cold resistance 1, negative energy
resistance 3, torment resistance, unbreathing
a: no special abilities


You were on level 2 of the Lair of Beasts.
You were not hungry.

You visited 3 branches of the dungeon, and saw 15 of its levels.

You collected 551 gold pieces.
You spent 214 gold pieces at shops.

Inventory:

Armour
 d - a +3 shield (worn)
 m - a +2 pair of boots (worn)
 o - a +2 pair of gloves (worn)
Jewellery
 e - a +4 ring of dexterity (left hand)
 f - an uncursed ring of resist corrosion
 g - an uncursed ring of flight
 l - a ring of protection from cold (right hand)
Scrolls
 b - 12 scrolls of identify
 c - 3 scrolls of amnesia
 h - a scroll of magic mapping
 i - a scroll of enchant weapon
 j - 6 scrolls of recharging
 n - a scroll of fog
 q - a scroll of remove curse
Books
 a - a book of Changes

   Spells                             Type                      Level
   a - Beastly Appendage              Transmutation                1
   b - Sticks to Snakes               Transmutation                2
   c - Spider Form                    Transmutation/Poison         3
   d - Ice Form                       Ice/Transmutation            4
   e - Blade Hands                    Transmutation                5


   Skills:
 + Level 9.7 Fighting
 + Level 8.1 Dodging
 - Level 1.5 Stealth
 + Level 6.2 Shields
 + Level 8.1 Unarmed Combat


You had 10 spell levels left.
You didn't know any spells.

Dungeon Overview and Level Annotations

Branches:
Dungeon (11/15)            Temple (1/1) D:6            Lair (3/6) D:8
  Swamp: Lair:2-4    Shoals: Lair:2-4     Snake: Lair:2-4    Spider: Lair:2-4
    Orc: D:9-12

Altars:
Ashenzari
Dithmenos
Fedhas
Gozag
Makhleb
Nemelex Xobeh
Okawaru
Uskayaw
Vehumet
Xom
Yredelemnul
The Shining One

Shops:
D:6 [   D:10 !

Annotations:
D:3 exclusion: sky beast, Sigmund
D:4 2 transporters, exclusion: 2 upstairs, Blork the orc, Pikel
D:7 exclusion: downstairs
D:9 Erica, Gastronok
Temple Prince Ribbit
Lair:1 exclusions: hydra and 4 oklob plants
Lair:2 exclusions: hydra, komodo dragon and spiny frog


Innate Abilities, Weirdness & Mutations

You do not eat or drink.
Your flesh is vulnerable to fire.
You are immune to poison.
Your flesh is cold resistant. (rC+)
You are immune to negative energy. (rN+++)
You are immune to unholy pain and torment.
You can survive without breathing.


Message History

The wolf is lightly wounded.
The wolf closely misses you. You block the wolf's attack. The wolf bites you.
* * * LOW HITPOINT WARNING * * *
The wolf bites you.
* * * LOW HITPOINT WARNING * * *
You block the wolf's attack. The wolf closely misses you.
The wolf barely misses you. The wolf barely misses you.
You block the wolf's attack. x2
The wolf bites you.
* * * LOW HITPOINT WARNING * * *
The wolf bites you.
* * * LOW HITPOINT WARNING * * *
Unknown command.
You punch the wolf!
The wolf is severely wounded.
You block the wolf's attack. The wolf closely misses you.
You block the wolf's attack. The wolf bites you!
* * * LOW HITPOINT WARNING * * *
The wolf bites you.
You die...

##....÷........<........
##........h..††...##.#.
##................#.##.
#......................
##......#.#.#.#.#.....
#..####..!............
##.## ##.......#......
#..# ###...............
#..###@h#..>....##PP.##
##..##hhh........#####
#.###hh#.......#....
##.##.h..........##.
##...##..#.#.#.#.#.# .
#...###....###....##
###.# ###.###....:.#
##.## ######.....##
#P..####.P##...........


You could see 7 wolves.

Vanquished Creatures
  A rime drake (Lair:2)
  2 hippogriffs (D:8)
  8 yaks
  A hungry ghost (D:9)
  2 water moccasins (Lair:1)
  5 porcupines
  A sky beast (D:10)
  5 orc warriors
  2 slaves
  3 ice beasts
  2 black bears
  A necrophage (D:6)
  3 phantoms
  5 ogres
  4 crocodiles
  3 wolves
  2 centaurs
  2 big kobolds (D:8)
  8 bullfrogs
  A gnoll sergeant (D:7)
  A water moccasin skeleton (D:7)
  3 scorpions
  13 killer bees
  5 wights (D:7)
  5 howler monkeys
  5 crimson imps
  10 hounds
  7 orc priests
  A bullfrog skeleton (D:7)
  9 orc wizards
  2 centaur skeletons
  Jessica (D:3)
  5 iguanas
  6 worker ants
  A hound zombie (D:7)
  A hound skeleton (D:8)
  14 adders
  11 gnolls
  A howler monkey skeleton (D:4)
  4 shadow imps (D:6)
  4 oozes
  An adder skeleton (D:7)
  A worm (D:1)
  A dart slug (D:2)
  5 leopard geckos
  45 orcs
  3 ball pythons
  4 giant cockroaches
  11 goblins
  4 hobgoblins
  5 jackals
  9 kobolds
  9 quokkas
  8 bats
  4 frilled lizards
  A jackal zombie (D:8)
  3 quokka zombies
  4 rats (D:2)
  A rat zombie (D:8)
  A spectral orc (D:6)
290 creatures vanquished.

Vanquished Creatures (collateral kills)
  5 killer bees (D:9)
5 creatures vanquished.

Vanquished Creatures (others)
  A fungus (Lair:1)
1 creature vanquished.

Grand Total: 296 creatures vanquished

Notes
Turn   | Place    | Note
-------+----------+-------------------------------------------
     0 | D:1      | Jannitor the Mummy Monk began the quest for the Orb.
     0 | D:1      | Reached XP level 1. HP: 18/18 MP: 1/1
   431 | D:1      | Reached XP level 2. HP: 21/24 MP: 2/2
   652 | D:1      | Found a sparkling altar of Nemelex Xobeh.
   771 | D:2      | Found a shadowy altar of Dithmenos.
  1703 | D:2      | Found a sparkling altar of Nemelex Xobeh.
  1725 | D:2      | Reached XP level 3. HP: 30/30 MP: 3/3
  2561 | D:2      | Reached skill level 4 in Fighting
  3149 | D:3      | Reached XP level 4. HP: 25/37 MP: 4/4
  3714 | D:3      | Noticed Sigmund
  4071 | D:5      | Entered Level 5 of the Dungeon
  4071 | D:5      | Noticed an ice beast
  4090 | D:4      | HP: 1/37 [worker ant (7)]
  4450 | D:4      | Reached XP level 5. HP: 34/43 MP: 5/5
  4525 | D:4      | Noticed Blork the orc
  4531 | D:4      | Found a transporter.
  4707 | D:3      | Found an opulent altar of Gozag.
  4707 | D:3      | Found an iron altar of Okawaru.
  4718 | D:3      | Noticed a sky beast
  5116 | D:4      | Noticed a slave
  5117 | D:4      | Noticed Pikel
  5153 | D:3      | Noticed Jessica
  5178 | D:3      | Killed Jessica
  5319 | D:4      | Found a blossoming altar of Fedhas.
  5689 | D:4      | Found a transporter.
  6058 | D:4      | Noticed a slave
  6058 | D:4      | Noticed a slave
  6126 | D:4      | Killed a slave
  6564 | D:5      | Noticed an ogre
  6586 | D:5      | Reached skill level 5 in Fighting
  6654 | D:5      | Reached XP level 6. HP: 40/51 MP: 6/6
  8563 | D:4      | Noticed a slave
  9074 | D:6      | Noticed an orc warrior
  9140 | D:6      | Found a basalt altar of Yredelemnul.
  9191 | D:6      | Found Seamec's Armour Boutique.
  9198 | D:6      | Bought a +2 pair of gloves for 214 gold pieces
  9350 | D:5      | Reached XP level 7. HP: 56/56 MP: 7/7
 10391 | D:6      | Reached skill level 6 in Fighting
 10454 | D:6      | Found a staircase to the Ecumenical Temple.
 10457 | D:6      | Noticed Prince Ribbit
 10464 | Temple   | Entered the Ecumenical Temple
 10703 | D:6      | Found a shattered altar of Ashenzari.
 10713 | D:6      | Found a shimmering altar of Xom.
 11261 | D:7      | Reached skill level 5 in Unarmed Combat
 11261 | D:7      | Reached XP level 8. HP: 37/65 MP: 8/8
 11858 | D:7      | Reached skill level 5 in Dodging
 11858 | D:7      | Reached skill level 1 in Shields
 13152 | D:7      | Reached skill level 7 in Fighting
 13286 | D:7      | Found a glowing golden altar of the Shining One.
 14129 | D:7      | Reached XP level 9. HP: 70/72 MP: 9/9
 16003 | D:8      | Found a staircase to the Lair.
 16106 | D:8      | Reached skill level 8 in Fighting
 16335 | D:9      | Found a hide-covered altar of Uskayaw.
 17819 | D:5      | Reached XP level 10. HP: 68/82 MP: 10/10
 18116 | D:9      | Noticed Erica
 18135 | Lair:1   | Entered Level 1 of the Lair of Beasts
 18477 | Lair:1   | Noticed a spiny frog
 18588 | Lair:1   | Noticed an oklob plant
 18590 | Lair:1   | Noticed an oklob plant
 18591 | Lair:1   | Noticed an oklob plant
 18591 | Lair:1   | Noticed an oklob plant
 18592 | Lair:1   | Noticed an eight-headed hydra
 19001 | Lair:1   | Noticed a black mamba
 19649 | D:9      | Reached skill level 5 in Shields
 19684 | D:9      | Noticed a two-headed ogre
 20010 | D:10     | Entered Level 10 of the Dungeon
 20034 | D:9      | HP: 4/82 [two-headed ogre/giant spiked club (19)]
 21049 | D:9      | Reached skill level 9 in Fighting
 21924 | D:10     | Found Zoqeumim's Distillery.
 23208 | D:9      | Noticed Gastronok
 24450 | Lair:1   | Reached XP level 11. HP: 72/89 MP: 11/11
 24947 | Lair:2   | Noticed a four-headed hydra
 25192 | Lair:2   | HP: 3/90 [wolf (9)]
 25192 | Lair:2   | Slain by a wolf

Skill      XL: |  1  2  3  4  5  6  7  8  9 10 11 |
---------------+----------------------------------+-----
Unarmed Combat | 3 4 5 6 7 8 |  8.1
Fighting       | 4 5 6 7 8 9 |  9.7
Dodging        | 3 4 5 6 7 8 |  8.1
Shields        | 2 4 5 6 |  6.2
Stealth        | |  1.5

Action                   |  1- 3 |  4- 6 |  7- 9 | 10-12 || total
-------------------------+-------+-------+-------+-------++-------
Melee: Unarmed           |   155 |   404 |   926 |   683 ||  2168
       Punch             |     4 |    10 |     7 |       ||    21
  Use: Scroll            |     1 |     4 |    11 |     6 ||    22
 Stab: Sleeping          |     5 |     7 |     1 |     1 ||    14
       Distracted        |     2 |     1 |     1 |     2 ||     6
Armor: Robe              |     2 |       |       |       ||     2
       Skin              |    15 |    52 |   110 |    72 ||   249
Dodge: Dodged            |   119 |   250 |   394 |   329 ||  1092
Block: Shield            |       |       |   326 |   449 ||   775
